 Dungeon Crawl Stone Soup version 0.24.0-123-gd5b16e6ec5 (webtiles) character file.

Game seed: 13743349816435579584, levelgen mode: deterministic

50 Johnny the Digger (level 3, 0/26 HPs)
             Began as a Demigod Earth Elementalist on Jan 28, 2020.
             Succumbed to a goblin's poison
             ... on level 2 of the Dungeon.
             The game lasted 00:03:12 (1695 turns).

Johnny the Digger (Demigod Earth Elementalist)      Turns: 1695, Time: 00:03:13

Health: 0/26       AC:  3    Str: 11    XL:     3   Next: 35%
Magic:  8/9        EV: 12    Int: 21    God:
Gold:   59         SH:  0    Dex: 16    Spells: 6/7 levels left

rFire    + . .     SeeInvis .   (no weapon)
rCold    + . .     Gourm    .   (no shield)
rNeg     . . .     Faith    .   c - +1 robe
rPois    .         Spirit   .   (no helmet)
rElec    .         Reflect  .   h - scarf {rC+ rF+}
rCorr    .         Harm     .   (no gloves)
MR       .....                  (no boots)
Stlth    ++........             (no amulet)
HPRegen  0.08/turn              (no ring)
MPRegen  0.11/turn              (no ring)

@: lethally poisoned (0 -> -16), lightly drained
A: high mp 1
a: no special abilities


You were on level 2 of the Dungeon.
You were hungry.

You visited 1 branch of the dungeon, and saw 2 of its levels.

You collected 59 gold pieces.

Inventory:

Missiles
 b - 82 stones (quivered)
Armour
 c - a +1 robe (worn)
 h - a scarf of resistance (worn)
Scrolls
 f - a scroll of enchant armour
Comestibles
 d - 4 rations


   Skills:
 - Level 1.7(1.3) Dodging
 - Level 1.7(1.3) Stealth
 + Level 2.6(2.2) Spellcasting
   Level 0.8(0.4) Transmutations
 + Level 3.5(3.0) Earth Magic


You had 6 spell levels left.
You knew the following spells:

 Your Spells              Type           Power        Failure   Level  Hunger
a - Sandblast             Erth           ###...       4%          1    #......

Your spell library contained the following spells:

 Spells                   Type           Power        Failure   Level  Hunger
 Passwall                 Tmut/Erth      #.......     11%         2    ##.....
 Stone Arrow              Conj/Erth      #.....       22%         3    ###....
 Petrify                  Tmut/Erth      #.......     56%         4    #####..
 Lee's Rapid Deconstruct  Erth           ###.......   75%         5    ######.


Dungeon Overview and Level Annotations

Branches:
Dungeon (2/15)

Annotations:
D:2 Terence


Innate Abilities, Weirdness & Mutations

You have an increased reservoir of magic. (+10% MP)


Message History

You are more poisoned.
You see here a poisoned dart.
* * * LOW HITPOINT WARNING * * *
You feel sick. The goblin hits you but does no damage.
Casting: Sandblast (safe; 4% risk of failure)
Confirm with . or Enter, or press ? or * to list all spells.
Aiming: Sandblast (safe; 4% risk of failure)
Press: ? - help, Shift-Dir - straight line, f - goblin
Aim: a goblin, wielding a +0 dagger The blast of sand hits the goblin!
You kill the goblin!
b - 82 stones
* * * LOW HITPOINT WARNING * * *
You feel sick. Terence misses you.
Unknown command.
* * * LOW HITPOINT WARNING * * *
You feel sick.
Things that are here:
a +0 dagger; 9 gold pieces; 9 poisoned darts You die...

# ..# #####.#
......#####
######.........#
#..............#
#.###..........####
#.@..............@.
#)####.........####
#>@r(..........'...
##.###..........####
#.............(...†.
#........###'###÷###
#.)......# #.# #.#
#........# #.###.#
#........# #.....#


There were no monsters in sight!

Vanquished Creatures
  2 dart slugs
  2 leopard geckos
  8 bats (D:1)
  2 giant cockroaches
  10 goblins
  A hobgoblin (D:1)
  2 jackals (D:1)
  2 frilled lizards (D:2)
  8 kobolds
  3 rats
40 creatures vanquished.

Notes
Turn   | Place    | Note
-------+----------+-------------------------------------------
     0 | D:1      | Johnny the Demigod Earth Elementalist began the quest for
                  | the Orb.
     0 | D:1      | Reached XP level 1. HP: 14/14 MP: 5/5
    55 | D:1      | Reached skill level 3 in Earth Magic
   346 | D:1      | Reached XP level 2. HP: 19/20 MP: 7/7
   923 | D:1      | Found a viscous altar of Jiyva.
  1094 | D:2      | Reached XP level 3. HP: 26/26 MP: 1/9
  1132 | D:2      | Noticed Terence
  1694 | D:2      | HP: 1/26 [poisoned by a goblin]
  1695 | D:2      | Succumbed to a goblin's poison

Levels and vault maps discovered:
D:1:      erik_arrival_cave_to_civilisation [erik_arrival_cave_to_temple],
          layout_loops_ring, serial_glass, glass_columns_b, glass_columns_a
D:2:      layout_basic, uniq_terence

Skill      XL: |  1 |
---------------+----+-----
Spellcasting   | 2 |  2.6
Earth Magic    | 3 |  3.5
Dodging        | |  1.7
Stealth        | |  1.7
Transmutations | |  0.8

Action                   || total
-------------------------++-------
Melee: Unarmed           ||    21
 Cast: Sandblast         ||    48
  Use: Scroll            ||     3
       Potion            ||     3
  Eat: Chunk             ||     2
Armor: Robe              ||    15
Dodge: Dodged            ||    71
